 Dungeon Crawl Stone Soup version 0.28-a0-87-g9a7839dea9 (webtiles) character file.

Game seed: 8581732202100310497

28762 ipx the Reanimator (level 13, -3/66 HPs)
             Began as a Deep Elf Ice Elementalist on Aug 6, 2021.
             Was a High Priest of Sif Muna.
             Slain by a death yak (26 damage)
             ... on level 4 of the Lair of Beasts.
             The game lasted 02:08:16 (7201 turns).

ipx the Reanimator (Deep Elf Ice Elementalist)      Turns: 7201, Time: 02:08:17

Health: -3/66      AC:  6    Str:  5    XL:     13   Next: 11%
Magic:  19/28      EV: 17    Int: 32    God:    Sif Muna [*****.]
Gold:   1045       SH:  5    Dex: 15    Spells: 6/31 levels left

rFire   . . .      SeeInvis .   a - +2 dagger (pain)
rCold   + + .      Faith    .   d - +0 buckler
rNeg    . . .      Spirit   .   V - +1 robe {rC+}
rPois   .          Reflect  .   (no helmet)
rElec   .          Harm     .   W - +1 cloak {rCorr}
rCorr   +          Rampage  .   (no gloves)
Will    +....                   P - +0 pair of boots
Stlth   ++........              J - amulet of regeneration
HPRegen 1.21/turn               c - ring of protection from cold
MPRegen 0.21/turn               I - +6 ring of intelligence

@: no status effects
A: no striking features
a: Renounce Religion, Channel Magic, Forget Spell, Divine Exegesis


You were on level 4 of the Lair of Beasts.
You worshipped Sif Muna.
Sif Muna was extremely pleased with you.
You visited 3 branches of the dungeon, and saw 18 of its levels.
You also visited: Sewer and Ossuary.

You collected 1045 gold pieces.

Inventory:

Hand Weapons
 a - a +2 dagger of pain (weapon)
 b - a +1 whip of electrocution
 q - a +1 dagger of venom
Armour
 d - a +0 buckler (worn)
 K - +0 acid dragon scales
 P - a +0 pair of boots (worn)
 U - a +1 robe of positive energy
 V - a +1 robe of cold resistance (worn)
 W - a +1 cloak of preservation (worn)
Magical Staves
 Y - a staff of poison
Jewellery
 c - a ring of protection from cold (left hand)
 m - a ring of willpower
 p - a ring of magical power
 v - a ring of see invisible
 z - the ring of Corag {rC+ rCorr Dex-2 Slay+4}
   (You found it on level 8 of the Dungeon)

   [ring of slaying]

   Dex:       It affects your dexterity (-2).
   Slay:      It affects your accuracy & damage with ranged weapons and melee
   (+4).
   rC:        It protects you from cold.
   rCorr:     It protects you from acid and corrosion.
 E - a +4 ring of evasion
 F - a ring of fire
 I - a +6 ring of intelligence (right hand)
 J - an amulet of regeneration (around neck)
 T - a ring of ice
 X - an amulet of reflection
Wands
 t - a wand of paralysis (31)
 x - a wand of polymorph (4)
 M - a wand of flame (26)
 Z - a wand of acid (5)
Scrolls
 f - 4 scrolls of immolation
 j - 3 scrolls of fog
 k - 2 scrolls of amnesia
 s - 7 scrolls of teleportation
 u - 3 scrolls of vulnerability
 w - a scroll of holy word {unknown}
 y - 4 scrolls of noise
 A - a scroll of silence {unknown}
 B - a scroll of blinking {unknown}
 L - a scroll of enchant weapon
 O - 2 scrolls of enchant armour
Potions
 e - 8 potions of curing
 g - 3 potions of might {unknown}
 h - 9 potions of flight
 i - 3 potions of lignification
 l - 4 potions of ambrosia {unknown}
 n - 2 potions of invisibility
 o - a potion of brilliance {unknown}
 r - 2 potions of haste {unknown}
 C - a potion of magic {unknown}
 D - 2 potions of resistance {unknown}
 G - 6 potions of heal wounds {unknown}
 H - a potion of cancellation {unknown}
 R - a potion of berserk rage {unknown}
 S - a potion of mutation {unknown}
Miscellaneous
 N - a phantom mirror
 Q - a lightning rod (4/4)


   Skills:
 - Level 2.0 Fighting
 - Level 10.0 Dodging
 - Level 2.4 Stealth
 - Level 4.0 Shields
 + Level 9.9 Spellcasting
 - Level 7.0 Conjurations
 - Level 12.0 Necromancy
 - Level 9.0 Ice Magic
 - Level 4.0 Air Magic
 - Level 9.0 Earth Magic
 - Level 8.0 Invocations
 + Level 5.8 Evocations


You had 6 spell levels left.
You knew the following spells:

 Your Spells              Type           Power      Damage    Failure   Level
c - Freezing Cloud        Conj/Ice/Air   27%        6-21      5%          5
h - Hailstorm             Conj/Ice       61%        3d13      1%          4
o - Ozocubu's Armour      Ice            65%        N/A       1%          3
r - Frozen Ramparts       Ice            100%       1d12      1%          3
v - Borgnjor's Vile Clut  Necr/Erth      35%        N/A       1%          5
w - Passwall              Tmut/Erth      36%        N/A       1%          2
y - Searing Ray           Conj           100%       3d7       1%          2
z - Freeze                Ice            100%       1d11      1%          1

Your spell library contained the following spells:

 Spells                   Type           Power      Damage    Failure   Level
 Magic Dart               Conj           100%       1d8       1%          1
 Pain                     Necr           100%       1d9       1%          1
 Corpse Rot               Necr/Air       N/A        N/A       1%          2
 Swiftness                Air            41%        N/A       1%          3
 Animate Dead             Necr           37%        N/A       1%          4
 Dispel Undead            Necr           75%        3d25      1%          4
 Agony                    Necr           75%        N/A       1%          5
 Excruciating Wounds      Necr           37%        N/A       1%          5
 Death Channel            Necr           37%        N/A       3%          6
 Blink                    Tloc           N/A        N/A       4%          2
 Airstrike                Air            20%        N/A       6%          4
 Simulacrum               Ice/Necr       35%        N/A       6%          6
 Fulminant Prism          Conj/Hex       19%        3d11      8%          4
 Lightning Bolt           Conj/Air       25%        1d41      9%          5
 Summon Lightning Spire   Summ/Air       28%        N/A       14%         4
 Conjure Ball Lightning   Conj/Air       25%        3x3d7     45%         6
 Manifold Assault         Tloc           15%        N/A       65%         5
 Summon Forest            Summ/Tloc      7%         N/A       65%         5
 Summon Mana Viper        Hex/Summ       15%        N/A       65%         5
 Invisibility             Hex            7%         N/A       99%         6
 Shadow Creatures         Summ           N/A        N/A       99%         6
 Orb of Destruction       Conj           28%        9d11      83%         7
 Haunt                    Necr/Summ      26%        N/A       92%         7
 Storm Form               Tmut/Air       14%        N/A       100%        7
 Polar Vortex             Ice            32%        N/A       100%        9


Dungeon Overview and Level Annotations

Branches:
Dungeon (12/15)            Temple (1/1) D:4            Lair (5/6) D:11
  Slime (0/5) Lair:5          Orc (0/2) D:12          Sewer (visited)
Ossuary (visited)
  Swamp: Lair:2-4    Shoals: Lair:2-4     Snake: Lair:2-4    Spider: Lair:2-4

Altars:
Ashenzari
Cheibriados
Dithmenos
Elyvilon
Fedhas
Gozag
Hepliaklqana
Kikubaaqudgha
Makhleb
Nemelex Xobeh
Okawaru
Qazlal
Ru
Sif Muna
Trog
Uskayaw
Vehumet
Wu Jian
Xom
Yredelemnul
Zin
Jiyva

Shops:
D:1 (   D:12 (

Annotations:
D:3 Sigmund
D:9 2 transporters, sobakacece's ghost, novice MiFi
Lair:1 exclusion: downstairs
Lair:2 Gastronok


Message History

The zombie hands constrict the cane toad!
The cane toad struggles to escape constriction.
The zombie hands constrict the cane toad!
The cane toad stings you!
Found a gold wand.
You hit the cane toad but do no damage.
The cane toad writhes in agony.
You kill the cane toad!
Sif Muna accepts your kill.
A death yak comes into view.
The death yak bellows!
You hear a bellow! x3
A death yak comes into view. x2 2 yaks come into view.
The yak bellows!
The death yak bellows! x2
A yak comes into view.
A death yak comes into view.
Press: ? - help, v - describe, . - travel
Here: a death yak The floor.
Unknown command.
A yak comes into view.
The yak bellows! 2 yaks come into view.
The death yak gores you!
A death yak comes into view.
The yak moves out of view.
You see here a +0 robe.
The death yak gores you!!
The death yak bellows!
The yak bellows!
Casting: Borgnjor's Vile Clutch (dangerous; 1% risk of failure)
Confirm with . or Enter, or press ? or * to list all spells.
Aiming: Passwall (safe; 1% risk of failure)
Press: ? - help, Dir - move target A rock wall.
The death yak misses you.
You begin to meditate on the wall.
You continue meditating on the rock.
The death yak gores you!
The death yak snorts and paws the ground.
You continue meditating on the rock.
The yak bellows!
The death yak gores you!!
You die... ...# .#.# .Y..# ### ...# ###.####Y.# #@YYPY.YY.#

####
##Y.YYY...#####.P. #
##...[...........
#.#.#...........#.#..
#.....!.#......## #<.
.........#....## #...
#./..........## ####
#P###.....#..# ##
#........#


You could see 5 death yaks and 5 yaks.

Vanquished Creatures
  Josephine (D:10)
  Fannar (Lair:2)
  3 hydras
  A catoblepas (Lair:5)
  2 two-headed ogres (D:10)
  A tengu warrior (D:11)
  A cyclops (D:12)
  Joseph (D:8)
  7 elephants
  2 centaur zombies
  A torpor snail (Lair:2)
  7 cane toads
  2 rime drakes
  4 komodo dragons
  A tengu conjurer (D:11)
  4 kobold demonologists
  A polar bear (Lair:2)
  A troll (D:10)
  A hornet (D:11)
  14 blink frogs
  A shadow (D:11)
  3 wraiths (D:10)
  29 yaks
  A wyvern (Lair:5)
  2 basilisks
  A steam dragon (D:10)
  An acid dragon (D:11)
  5 water moccasins
  3 orc warriors
  2 necrophages
  3 ice beasts
  A sky beast (D:6)
  2 black bears
  4 wolves (Lair:1)
  9 centaurs
  2 kobold brigands
  A scorpion (D:7)
  3 bullfrogs
  3 killer bees (D:9)
  14 wights
  3 howler monkeys (D:9)
  4 crimson imps
  2 jellies (D:8)
  A bullfrog zombie (D:6)
  4 hounds
  An iguana (D:5)
  6 orc priests
  A bullfrog skeleton (D:5)
  Ijyb (D:3)
  A centaur skeleton (D:7)
  7 orc wizards
  A merfolk siren (Sewer)
  3 hell rats
  A merfolk avatar (Sewer)
  9 mummies
  A howler monkey skeleton (D:6)
  3 howler monkey zombies
  4 gnolls (D:2)
  10 adders
  A river rat (Sewer)
  A shadow imp (D:8)
  2 worms
  3 dart slugs
  22 orcs
  6 endoplasms
  8 giant cockroaches
  5 goblins
  8 hobgoblins
  2 jackals (D:1)
  14 kobolds
  5 quokkas
  10 ball pythons
  7 bats
  9 frilled lizards
  2 gnoll zombies (Ossuary)
  A goblin zombie (D:4)
  A hobgoblin zombie (Ossuary)
  5 kobold zombies (Ossuary)
  An orc zombie (D:4)
  A quokka skeleton (D:4)
  24 rats
347 creatures vanquished.

Vanquished Creatures (others)
  An orc (D:10)
  13 fungi
  9 plants
23 creatures vanquished.

Grand Total: 370 creatures vanquished

Notes
Turn   | Place    | Note
-------+----------+-------------------------------------------
     0 | D:1      | ipx the Deep Elf Ice Elementalist began the quest for the
                  | Orb.
     0 | D:1      | Reached XP level 1. HP: 10/10 MP: 6/6
    25 | D:1      | Found Puec's Weapon Emporium.
   184 | D:2      | Reached XP level 2. HP: 8/15 MP: 5/8
   210 | D:1      | Reached skill level 5 in Ice Magic
   292 | D:1      | Found a faded altar of an unknown god.
   426 | D:2      | Reached XP level 3. HP: 18/19 MP: 6/9
   430 | D:2      | Learned a level 3 spell: Frozen Ramparts
   434 | D:2      | Learned a level 3 spell: Ozocubu's Armour
   505 | D:2      | Reached XP level 4. HP: 18/24 MP: 0/11
   848 | D:2      | Noticed a black bear
   852 | D:2      | Killed a black bear
   853 | D:2      | Reached XP level 5. HP: 28/28 MP: 3/13
   970 | D:2      | Learned a level 4 spell: Hailstorm
  1074 | D:4      | Reached skill level 5 in Spellcasting
  1074 | D:4      | Reached skill level 1 in Conjurations
  1102 | D:4      | Found a sand-covered staircase.
  1126 | D:4      | Reached XP level 6. HP: 25/32 MP: 4/15
  1137 | Ossuary  | Entered an ossuary
  1619 | D:3      | Noticed Sigmund
  1755 | D:3      | Noticed Ijyb
  1762 | D:3      | Killed Ijyb
  1853 | D:4      | Found a staircase to the Ecumenical Temple.
  1862 | Temple   | Entered the Ecumenical Temple
  1947 | Temple   | Became a worshipper of Sif Muna the Loreminder
  2081 | D:4      | Found an iron altar of Okawaru.
  2085 | D:5      | Entered Level 5 of the Dungeon
  2097 | D:5      | Noticed an ice beast
  2116 | D:5      | Reached XP level 7. HP: 36/36 MP: 4/18
  2380 | D:6      | Reached skill level 1 in Evocations
  2426 | D:6      | Reached skill level 5 in Conjurations
  2530 | D:6      | Found a glowing drain.
  2573 | Sewer    | Entered a sewer
  2601 | Sewer    | Reached * piety under Sif Muna
  2647 | Sewer    | Reached XP level 8. HP: 42/42 MP: 12/19
  2870 | D:6      | Reached skill level 1 in Fighting
  3001 | D:5      | Reached skill level 1 in Invocations
  3032 | D:5      | Found a sacrificial altar of Ru.
  3032 | D:5      | Found a shadowy altar of Dithmenos.
  3033 | D:5      | Found an ancient bone altar of Kikubaaqudgha.
  3231 | D:7      | Reached ** piety under Sif Muna
  3403 | D:7      | Reached skill level 5 in Dodging
  3449 | D:10     | Entered Level 10 of the Dungeon
  3488 | D:8      | Reached skill level 5 in Invocations
  3491 | D:8      | Learned a level 2 spell: Passwall
  3612 | D:7      | Reached XP level 9. HP: 48/48 MP: 14/20
  3638 | D:8      | Noticed Joseph
  3685 | D:8      | Identified the ring of Corag {rC+ rCorr Dex-2 Slay+4}
  3696 | D:8      | Reached skill level 1 in Earth Magic
  3893 | D:9      | Learned a level 5 spell: Borgnjor's Vile Clutch
  3912 | D:9      | You fall into a shaft and drop 3 floors!
  3941 | D:12     | Found Qizoaste's Antique Weapon Emporium.
  3953 | D:12     | Noticed a kobold demonologist
  3966 | D:12     | Killed a kobold demonologist
  3967 | D:12     | Reached skill level 1 in Necromancy
  3967 | D:12     | Noticed a cyclops
  3984 | D:12     | Killed a cyclops
  3985 | D:12     | Reached skill level 3 in Necromancy
  4014 | D:12     | Noticed a manticore
  4032 | D:12     | Found a staircase to the Orcish Mines.
  4241 | D:10     | Noticed Josephine
  4241 | D:10     | Noticed a kobold demonologist
  4241 | D:10     | Noticed a kobold demonologist
  4241 | D:10     | Noticed a kobold demonologist
  4243 | D:10     | Noticed a smoke demon
  4251 | D:11     | Killed a kobold demonologist
  4252 | D:11     | Reached skill level 4 in Necromancy
  4303 | D:11     | Learned a level 2 spell: Searing Ray
  4319 | D:11     | Reached skill level 5 in Earth Magic
  4389 | D:10     | Reached XP level 10. HP: 53/53 MP: 15/21
  4390 | D:10     | Reached *** piety under Sif Muna
  4391 | D:10     | Reached skill level 5 in Necromancy
  4399 | D:10     | Identified the +8 long sword of Wyrd {freeze, rF- Str+10}
  4519 | D:10     | Noticed a two-headed ogre
  4527 | D:10     | Killed a two-headed ogre
  4528 | D:10     | Reached skill level 6 in Necromancy
  4592 | D:10     | Noticed a five-headed hydra
  4760 | D:9      | Found a transporter.
  4768 | D:9      | Noticed sobakacece's ghost (novice MiFi)
  4868 | D:10     | Reached skill level 7 in Necromancy
  4871 | D:10     | Killed Josephine
  4872 | D:10     | Reached XP level 11. HP: 52/57 MP: 4/22
  4941 | D:10     | Noticed a two-headed ogre
  4947 | D:10     | Killed a two-headed ogre
  4948 | D:10     | Reached skill level 8 in Necromancy
  4955 | D:10     | Identified the +9 long sword "Maoshrini" {flame, rC+ MP+9
                  | Str-4}
  5031 | D:10     | Killed a five-headed hydra
  5032 | D:10     | Reached skill level 10 in Dodging
  5109 | D:11     | Reached skill level 9 in Necromancy
  5302 | D:11     | Noticed a tengu warrior
  5312 | D:11     | Killed a tengu warrior
  5312 | D:11     | Reached **** piety under Sif Muna
  5415 | D:9      | Found a transporter.
  5507 | D:8      | Killed Joseph
  5508 | D:8      | Reached skill level 10 in Necromancy
  6125 | D:11     | Found a staircase to the Lair.
  6133 | Lair:1   | Entered Level 1 of the Lair of Beasts
  6173 | Lair:2   | Noticed Gastronok
  6290 | Lair:1   | Reached skill level 1 in Shields
  6291 | Lair:1   | Reached skill level 11 in Necromancy
  6292 | Lair:1   | Noticed an eight-headed hydra
  6301 | Lair:1   | Killed an eight-headed hydra
  6401 | Lair:2   | Reached XP level 12. HP: 62/62 MP: 10/26
  6405 | Lair:2   | Noticed Fannar
  6414 | Lair:2   | Killed Fannar
  6595 | Lair:4   | Learned a level 5 spell: Freezing Cloud
  6687 | Lair:3   | Reached skill level 12 in Necromancy
  6724 | Lair:4   | Noticed a six-headed hydra
  6745 | Lair:4   | Reached skill level 1 in Air Magic
  6779 | Lair:4   | Killed a six-headed hydra
  6781 | Lair:4   | Reached ***** piety under Sif Muna
  6942 | Lair:4   | Received a gift from Sif Muna
  6949 | Lair:4   | Got Sif Muna's Volume of Confrontation and Darkness {god
                  | gift}
  7061 | Lair:5   | Found a viscous altar of Jiyva.
  7062 | Lair:5   | Found a staircase to the Slime Pits.
  7135 | Lair:5   | Reached XP level 13. HP: 66/66 MP: 15/28
  7144 | Lair:5   | Reached skill level 5 in Evocations
  7201 | Lair:4   | Slain by a death yak

Illustrated notes

Levels and vault maps discovered:
D:1:      dpeg_arrival_simpleton_b, layout_basic, serial_shops, shop,
          hellmonk_ecumenical_altar_blasted
D:2:      layout_basic, kennysheep_minor_cross
D:3:      layout_rooms, kennysheep_generic_room_2, uniq_terence, uniq_ijyb,
          uniq_sigmund
D:4:      layout_gridville, nicolae_overflow_hidden_temple,
          minmay_temple_entry_antechambers, nicolae_ossuary_entry_giza,
          uniq_grinder
D:5:      layout_loops_cross, gammafunk_temple_overflow_claw,
          grunt_decor_junction
D:6:      layout_loops_ring, gup_sewer_entry_pipe, grunt_ministairs_3,
          kennysheep_another_room, mrwooster_statue_mirror
D:7:      layout_gridville
D:8:      layout_cave_pools, kennysheep_generic_room_7, uniq_joseph
D:9:      layout_irregular_city, gammafunk_ghost_berserking_beasts
D:10:     layout_basic, chequers_big_river, nicolae_zen_rock_garden,
          uniq_josephine
D:11:     layout_irregular_city
D:12:     layout_gridville, orc_0_dummy, serial_shops, shop,
          nicolae_shop_crystal, nrook_loot_triangle, minmay_misc_feat_five,
          uniq_psyche
Temple:   minmay_crystal_spiral_temple
Lair:1:   layout_roguey, grunt_megastairs_5, serial_bayou_shore_b
Lair:2:   gammafunk_boulding_lane, layout_cellular_growth,
          skrybe_swamp_entry_bodies, st_stairs_3, uniq_gastronok, uniq_fannar,
          uniq_prince_ribbit2
Lair:3:   layout_chaotic_city, dummy_spider_entry,
          eino_small_chamber_without_monster, lemuel_fruit_fields,
          minmay_lair_oklob_chamber
Lair:4:   layout_misc_corridors, serial_bayou_shore_b
Lair:5:   layout_cave_pods, slime_altar_1, grunt_forest_stairs_clearing,
          lemuel_fruit_fields, grunt_megastairs_3, infiniplex_staircase_pool_2

Skill      XL: |  1  2  3  4  5  6  7  8  9 10 11 12 13 |
---------------+----------------------------------------+-----
Ice Magic      | 5 6 7 9 |  9.0
Spellcasting   | 4 5 6 8 9 |  9.9
Conjurations   | 1 4 6 7 |  7.0
Evocations     | 3 4 5 |  5.8
Dodging        | 5 7 9 10 | 10.0
Fighting       | 2 |  2.0
Invocations    | 5 6 8 |  8.0
Earth Magic    | 6 9 |  9.0
Necromancy     | 4 7 11 12 | 12.0
Shields        | 2 4 |  4.0
Air Magic      | 4 |  4.0
Stealth        | |  2.4

Action                   |  1- 3 |  4- 6 |  7- 9 | 10-12 | 13-15 || total
-------------------------+-------+-------+-------+-------+-------++-------
Melee: Dagger            |     1 |   121 |   200 |   136 |    21 ||   479
       Whip              |       |       |    19 |    24 |       ||    43
 Cast: Freeze            |    35 |    40 |    43 |    14 |       ||   132
       Ozocubu's Armour  |     1 |    17 |    28 |    26 |     1 ||    73
       Frozen Ramparts   |     1 |    16 |    24 |    19 |     1 ||    61
       Hailstorm         |       |     3 |    21 |    20 |     1 ||    45
       Passwall          |       |       |     4 |    11 |     1 ||    16
       Searing Ray       |       |       |     3 |    31 |       ||    34
       Borgnjor's Vile C |       |       |       |    37 |     3 ||    40
       Freezing Cloud    |       |       |       |     3 |     2 ||     5
Invok: Channel Magic     |       |       |       |     4 |     1 ||     5
Evoke: Wand              |       |       |    11 |    31 |     2 ||    44
       Lightning rod     |       |       |       |     2 |       ||     2
  Use: Scroll            |       |     2 |     1 |     9 |       ||    12
       Potion            |       |       |       |     2 |       ||     2
 Stab: Sleeping          |       |     5 |     5 |     2 |       ||    12
       Paralysed         |       |       |     7 |       |       ||     7
       Invisible         |       |       |       |     1 |       ||     1
       Petrifying        |       |       |       |       |     1 ||     1
Armor: Robe              |     3 |    16 |    89 |    77 |     3 ||   188
Dodge: Dodged            |     8 |    76 |   190 |   232 |    13 ||   519
Block: Buckler           |       |       |       |    23 |     3 ||    26

Table legend: (Time is in decaauts)
 A = Elapsed time spent in this place.
 B = Non-inter-level travel time spent in this place.
 C = Inter-level travel time spent in this place.
 D = Time resting spent in this place.
 E = Time spent auto-exploring this place.
 F = Levels seen in this place.
 G = Mean time per level.
                   A        B        C        D        E       F      G
               +--------+--------+--------+--------+--------+-----+--------+
         Total |   7401 |   7132 |    269 |      0 |      0 |  20 |  370.0 |
       Dungeon |   5395 |   5210 |    185 |      0 |      0 |  12 |  449.6 |
        Temple |    170 |     86 |     84 |      0 |      0 |   1 |  170.0 |
          Lair |   1074 |   1074 |      0 |      0 |      0 |   5 |  214.8 |
         Sewer |    285 |    285 |      0 |      0 |      0 |   1 |  285.0 |
       Ossuary |    475 |    475 |      0 |      0 |      0 |   1 |  475.0 |
               +--------+--------+--------+--------+--------+-----+--------+

Top non-repeatable levels by time:
     D:9: 705 daAuts
    D:11: 629 daAuts
    D:10: 619 daAuts
     D:1: 566 daAuts
     D:8: 521 daAuts
     D:2: 495 daAuts
 Ossuary: 475 daAuts
     D:4: 406 daAuts
     D:7: 405 daAuts
  Lair:4: 387 daAuts
     D:6: 376 daAuts
   Sewer: 285 daAuts
     D:5: 272 daAuts
  Lair:2: 230 daAuts
  Lair:5: 214 daAuts
